[Event "Titled Tuesday Blitz January 03 Early 2023"]
[White "Preotu, Razvan"]
[Black "Kamsky, Gata"]
[WhiteFideId "2613280"]
[BlackFideId "2000024"]
[WhiteElo "2475"]
[BlackElo "2665"]
[Result "0-1"]
[Round "07"]
[TimeControl "180+2"]
[Date "2023.01.03"]
[WhiteClock "0:00:03"]
[BlackClock "0:00:10"]

1. e4 c5 2. Nf3 e6 3. c3 Nf6 4. e5 Nd5 5. d4 cxd4 6. cxd4 b6 7. Bd2 Ba6 8. Bxa6 Nxa6 9. Nc3 Nac7 10. Ne4 Be7 11. O-O O-O 12. Re1 a5 13. Rc1 a4 14. a3 b5 15. Bg5 f6 16. exf6 gxf6 17. Bh4 Rf7 18. Qd2 Rg7 19. Bg3 b4 20. Rc4 bxa3 21. bxa3 Nb5 22. Nc5 Nxa3 23. Rxa4 Rxa4 24. Nxa4 Bb4 25. Qd3 Bxe1 26. Qxa3 Bb4 27. Qb3 Rf7 28. Nc5 Qa8 29. h4 Qc6 30. Ne4 Bf8 31. Kh2 Be7 32. Ned2 Rf8 33. Qd3 Bd6 34. Ne4 Bxg3+ 35. Nxg3 Qd6 36. Qe4 Qf4 37. Qc2 f5 38. Kg1 Nf6 39. Ne2 Qe4 40. Qd2 Kh8 41. Nc3 Qg4 42. Qe3 Rg8 43. g3 f4 44. Qe5 Qf5 45. Ng5 fxg3 46. fxg3 Qxe5 47. dxe5 Ng4 0-1


[Site "https://www.chess.com"]

[Event "Titled Tuesday Blitz January 03 Early 2023"]
[White "Bryakin, Mikhail"]
[Black "Lenderman, Aleksandr"]
[WhiteFideId "4165314"]
[BlackFideId "2021285"]
[WhiteElo "2455"]
[BlackElo "2572"]
[Result "0-1"]
[Round "07"]
[TimeControl "180+2"]
[Date "2023.01.03"]
[WhiteClock "0:00:02"]
[BlackClock "0:00:20"]

1. Nf3 e6 2. c4 b6 3. g3 Bb7 4. Bg2 Nf6 5. O-O c5 6. b3 Be7 7. Bb2 O-O 8. d4 cxd4 9. Nxd4 Bxg2 10. Kxg2 d6 11. Nd2 Qc7 12. Rc1 Nbd7 13. Qc2 Qb7+ 14. N4f3 Rac8 15. Qb1 d5 16. cxd5 Nxd5 17. Rxc8 Rxc8 18. Rc1 Rxc1 19. Qxc1 N5f6 20. Bxf6 Bxf6 21. Qc2 h6 22. h3 Nc5 23. Kg1 a5 24. Nc4 Qc6 25. Nfd2 g6 26. h4 h5 27. Ne3 Kg7 28. Nec4 a4 29. bxa4 Nxa4 30. Qe4 Qd5 31. Kf1 b5 32. Qxd5 exd5 33. Na3 Nc3 34. Ndb1 d4 35. Nd2 b4 36. Nc2 Nxa2 37. Nb3 Kf8 38. Ke1 Ke7 39. Ncxd4 Bxd4 40. Nxd4 Kd6 41. Kd2 Kd5 42. Nf3 Nc3 43. Ne1 Ne4+ 44. Ke3 b3 45. Nd3 f5 46. Nb2 Kc5 47. Kf3 Kd4 48. e3+ Kc3 49. Na4+ Kc2 50. Kf4 Nc3 51. Nb6 Nd5+ 52. Ke5 Nxb6 0-1


[Site "https://www.chess.com"]

[Event "Titled Tuesday Blitz January 03 Early 2023"]
[White "Molina, Roberto Junio Brito"]
[Black "Nouri, Alekhine"]
[WhiteFideId "2109450"]
[BlackFideId "5216184"]
[WhiteElo "2403"]
[BlackElo "2257"]
[Result "1-0"]
[Round "07"]
[TimeControl "180+2"]
[Date "2023.01.03"]
[WhiteClock "0:01:18"]
[BlackClock "0:00:32"]

1. d4 Nf6 2. c4 c5 3. d5 b5 4. cxb5 a6 5. b6 Qxb6 6. Nc3 d6 7. e4 g6 8. Nf3 Bg7 9. Be2 O-O 10. O-O Bg4 11. Nd2 Bxe2 12. Qxe2 Nfd7 13. Nc4 Qc7 14. Bf4 Nb6 15. Ne3 N8d7 16. Rac1 Rfb8 17. b3 a5 18. Nb5 Qb7 19. a4 Nc8 20. Nc4 Ncb6 21. h4 h5 22. Be3 Nxc4 23. bxc4 Ne5 24. g3 Qd7 25. Kg2 f5 26. Bf4 Rf8 27. Bxe5 Bxe5 28. f4 Bg7 29. e5 dxe5 30. fxe5 Bh6 31. Rcd1 f4 32. e6 Qe8 33. g4 Rb8 34. g5 Bg7 35. Qe4 Rxb5 36. axb5 a4 37. Rd3 Qa8 38. Rff3 Rf5 39. Ra3 Qb8 40. Rxa4 Bd4 41. Ra6 Be3 42. d6 exd6 43. Ra8 1-0


[Site "https://www.chess.com"]

[Event "Titled Tuesday Blitz January 03 Early 2023"]
[White "Xu, Yi"]
[Black "Dourerassou, Jonathan"]
[WhiteFideId "8605564"]
[BlackFideId "628050"]
[WhiteElo "2527"]
[BlackElo "2414"]
[Result "1-0"]
[Round "07"]
[TimeControl "180+2"]
[Date "2023.01.03"]
[WhiteClock "0:00:42"]
[BlackClock "0:01:00"]

1. e4 e6 2. d4 d5 3. e5 c5 4. c3 Nc6 5. Nf3 Bd7 6. Be2 Qb6 7. O-O f6 8. dxc5 Bxc5 9. c4 d4 10. Nbd2 fxe5 11. Ne4 Nf6 12. Bd3 O-O-O 13. a3 Be7 14. b4 Qc7 15. Re1 Be8 16. Nfg5 Bh5 17. Qa4 Nxe4 18. Bxe4 Bxg5 19. Bxg5 d3 20. Bxd8 Rxd8 21. f3 d2 22. Red1 Kb8 23. Ra2 Nd4 24. Raxd2 Qxc4 25. Qa5 Nxf3+ 26. Bxf3 Rxd2 27. Rxd2 Qc1+ 28. Rd1 Qe3+ 29. Kh1 b6 30. Qa6 Bxf3 31. Rd8+ Kc7 32. Qc8# 1-0


[Site "https://www.chess.com"]

[Event "Titled Tuesday Blitz January 03 Early 2023"]
[White "Yeletsky, Ivan"]
[Black "Harshavardhan G B"]
[WhiteFideId "24180327"]
[BlackFideId "25059009"]
[WhiteElo "2494"]
[BlackElo "2408"]
[Result "0-1"]
[Round "07"]
[TimeControl "180+2"]
[Date "2023.01.03"]
[WhiteClock "0:00:02"]
[BlackClock "0:00:04"]

1. d4 Nf6 2. c4 e6 3. a3 c5 4. d5 exd5 5. cxd5 d6 6. Nc3 g6 7. Nf3 Bg7 8. Bf4 O-O 9. e3 Qe7 10. h3 Na6 11. Be2 Nc7 12. O-O Bd7 13. Rc1 b5 14. b4 c4 15. Bh2 a5 16. Nd4 axb4 17. axb4 Nfxd5 18. Nxd5 Nxd5 19. Bf3 Nxb4 20. Bxa8 Rxa8 21. Nxb5 Bxb5 22. Bxd6 Qb7 23. Bxb4 Bc6 24. Rxc4 Bxg2 25. Re1 Bxh3 26. e4 Be6 27. Rd4 Qb6 28. e5 h5 29. Be7 Kh7 30. Bf6 Bxf6 31. exf6 Ra5 32. Qd2 Ra2 33. Qf4 Bf5 34. Rd6 Qc5 35. Rd8 g5 36. Qf3 Bg4 37. Qe4+ Bf5 38. Rh8+ Kg6 39. Qf3 Bg4 40. Rg8+ Kh6 41. Qg2 Qf5 42. Ree8 Ra1+ 43. Kh2 Bf3 44. Rh8+ Kg6 45. Reg8+ Kxf6 46. Rxg5 Qf4+ 0-1


[Site "https://www.chess.com"]

[Event "Titled Tuesday Blitz January 03 Early 2023"]
[White "Ibarra Jerez, Jose Carlos"]
[Black "Sychev, Klementy"]
[WhiteFideId "2226332"]
[BlackFideId "4114060"]
[WhiteElo "2563"]
[BlackElo "2547"]
[Result "1-0"]
[Round "07"]
[TimeControl "180+2"]
[Date "2023.01.03"]
[WhiteClock "0:01:02"]
[BlackClock "0:00:03"]

1. e4 e5 2. Nf3 Nc6 3. d4 exd4 4. Nxd4 Nf6 5. Nxc6 bxc6 6. e5 Qe7 7. Qe2 Nd5 8. Nd2 g6 9. c4 Ba6 10. Nf3 Qb4+ 11. Kd1 Nb6 12. b3 O-O-O 13. Kc2 d5 14. Bd2 Qa3 15. Bc1 Nxc4 16. Bxa3 Nxa3+ 17. Kb2 Bxe2 18. Bxe2 Kb7 19. Ng5 Re8 20. Nxf7 Rg8 21. f4 Rg7 22. Ng5 h6 23. Nh3 g5 24. Bh5 Re6 25. Rae1 Bb4 26. f5 Bxe1 27. Rxe1 1-0


[Site "https://www.chess.com"]

[Event "Titled Tuesday Blitz January 03 Early 2023"]
[White "Kozak, Adam"]
[Black "Tatarinov, Dmitry"]
[WhiteFideId "753246"]
[BlackFideId "24160067"]
[WhiteElo "2572"]
[BlackElo "2310"]
[Result "0-1"]
[Round "07"]
[TimeControl "180+2"]
[Date "2023.01.03"]
[WhiteClock "0:00:01"]
[BlackClock "0:00:04"]

1. e4 c5 2. Nf3 d6 3. d4 cxd4 4. Nxd4 Nf6 5. Nc3 a6 6. Bg5 e6 7. f4 Be7 8. Qf3 Nbd7 9. O-O-O O-O 10. Bc4 Nb6 11. Bb3 Qc7 12. g4 Nc4 13. f5 b5 14. Qe2 Bb7 15. fxe6 Rac8 16. exf7+ Rxf7 17. Nf5 Nxb2 18. Nxe7+ Qxe7 19. Kxb2 Rxc3 20. Kxc3 Qe5+ 21. Kd2 Qxg5+ 22. Ke1 d5 23. exd5 Bxd5 24. Rf1 Qh4+ 25. Rf2 Kf8 26. Bxd5 Re7 27. Be6 g6 28. Qe5 Kg7 29. g5 Qe4+ 30. Qxe4 Nxe4 31. Bb3 Nc3+ 32. Kd2 Ne4+ 33. Ke2 Nc3+ 34. Kd2 Ne4+ 0-1


[Site "https://www.chess.com"]

[Event "Titled Tuesday Blitz January 03 Early 2023"]
[White "Indjic, Aleksandar"]
[Black "Khoroshev, Nikita"]
[WhiteFideId "911925"]
[BlackFideId "14200287"]
[WhiteElo "2618"]
[BlackElo "2336"]
[Result "0-1"]
[Round "07"]
[TimeControl "180+2"]
[Date "2023.01.03"]
[WhiteClock "0:00:14"]
[BlackClock "0:00:18"]

1. e4 c5 2. Nf3 e6 3. d4 cxd4 4. Nxd4 Nf6 5. Nc3 Nc6 6. a3 d5 7. Bb5 Bd7 8. exd5 exd5 9. O-O Be7 10. Re1 O-O 11. Bg5 h6 12. Bh4 Re8 13. Nxc6 bxc6 14. Bd3 Qb6 15. b4 Ng4 16. Rxe7 Rxe7 17. Na4 Qc7 18. Bg3 Qd8 19. Nc5 Ne5 20. h3 Be8 21. Bf1 a5 22. Bxe5 Rxe5 23. Nb7 Qc7 24. Nxa5 c5 25. Nb3 cxb4 26. axb4 Rxa1 27. Qxa1 Re4 28. Nd4 Qe5 29. c3 Re1 30. Qb2 Qe4 31. f3 Qe3+ 32. Qf2 Qxc3 33. Ne2 Qa1 34. Nd4 Rb1 35. b5 Rd1 36. Nc2 Qb2 37. Ne3 Qxf2+ 38. Kxf2 Rb1 39. Nxd5 Bxb5 40. Bxb5 Rxb5 41. Nf4 Rb4 42. Kg3 g6 43. h4 Kg7 44. Nd3 Ra4 45. Nc5 Ra3 46. Ne4 f5 47. Nf2 Kf6 48. Nh3 Ra4 49. Nf4 g5 50. hxg5+ hxg5 51. Nh3 Kg6 52. f4 Ra3+ 53. Kf2 g4 54. Ng1 g3+ 55. Ke2 Kh5 56. Nf3 Kg4 57. Nd4 Kxf4 58. Ne6+ Kg4 59. Nd4 Ra2+ 60. Kf1 f4 61. Nf3 Rf2+ 62. Kg1 Rxf3 0-1


[Site "https://www.chess.com"]

[Event "Titled Tuesday Blitz January 03 Early 2023"]
[White "Melaugh, Shane"]
[Black "Kadric, Denis"]
[WhiteFideId "2509580"]
[BlackFideId "14403803"]
[WhiteElo "2115"]
[BlackElo "2601"]
[Result "0-1"]
[Round "07"]
[TimeControl "180+2"]
[Date "2023.01.03"]
[WhiteClock "0:00:09"]
[BlackClock "0:00:43"]

1. c4 d6 2. Nc3 e5 3. g3 Be7 4. Bg2 f5 5. d3 Nf6 6. Nf3 O-O 7. Bg5 Nbd7 8. b4 a5 9. b5 Qe8 10. O-O Qh5 11. Bxf6 Nxf6 12. Nd5 Bd8 13. e3 Nxd5 14. cxd5 f4 15. Nd2 Qh6 16. exf4 exf4 17. Rc1 Bf5 18. Ne4 Kh8 19. a4 b6 20. Rc4 Rf7 21. Qc1 Bg4 22. Re1 Rf8 23. Nc3 Bg5 24. Ne4 fxg3 25. Qxg5 Qxg5 26. Nxg5 gxf2+ 27. Kf1 fxe1=Q+ 28. Kxe1 Rae8+ 29. Be4 Re7 30. Nxh7 Rf5 31. Kd2 Rf2+ 32. Kc3 Rxe4 33. Rxe4 Bf5 34. Re8+ Kxh7 35. Re7 Rxh2 36. Rxc7 Rh3 37. Rc6 Rxd3+ 38. Kc4 Ra3 39. Rxb6 Rxa4+ 40. Kc3 Rb4 41. Rxd6 Rxb5 42. Rd8 a4 43. d6 a3 44. Ra8 Rd5 45. Rxa3 Rd3+ 46. Kb4 Rxa3 47. Kxa3 Kg6 48. Kb2 Kf6 49. Kc3 Ke6 50. Kd4 Kxd6 51. Ke3 Ke5 52. Kf3 g5 53. Kg3 Ke4 54. Kg2 Kf4 55. Kf2 g4 56. Kg2 g3 57. Kg1 Kf3 58. Kf1 g2+ 59. Kg1 Bc8 60. Kh2 Bb7 61. Kg1 Bc6 62. Kh2 Kf2 0-1


[Site "https://www.chess.com"]

[Event "Titled Tuesday Blitz January 03 Early 2023"]
[White "Csonka, Balazs"]
[Black "Bortnyk, Olexandr"]
[WhiteFideId "742910"]
[BlackFideId "14120828"]
[WhiteElo "2496"]
[BlackElo "2605"]
[Result "0-1"]
[Round "07"]
[TimeControl "180+2"]
[Date "2023.01.03"]
[WhiteClock "0:00:25"]
[BlackClock "0:01:49"]

1. d4 d6 2. Nf3 Nf6 3. c4 g6 4. Nc3 Bf5 5. Ng5 Bg7 6. e4 Bd7 7. Be2 O-O 8. O-O e5 9. Nf3 exd4 10. Nxd4 Nc6 11. Be3 Nxd4 12. Bxd4 Bc6 13. f3 Nd7 14. Bxg7 Kxg7 15. b4 b6 16. Nd5 a5 17. Qd4+ f6 18. a3 Ra7 19. f4 Re8 20. Bd3 Ba8 21. Rae1 axb4 22. axb4 c5 23. bxc5 bxc5 24. Qc3 Qa5 25. Qxa5 Rxa5 26. Ra1 Rxa1 0-1


[Site "https://www.chess.com"]

[Event "Titled Tuesday Blitz January 03 Early 2023"]
[White "Narayanan.S.L"]
[Black "Averjanov, Alexey"]
[WhiteFideId "5058422"]
[BlackFideId "14109867"]
[WhiteElo "2660"]
[BlackElo "2399"]
[Result "1-0"]
[Round "07"]
[TimeControl "180+2"]
[Date "2023.01.03"]
[WhiteClock "0:02:43"]
[BlackClock "0:00:19"]

1. e4 c6 2. d4 d5 3. exd5 cxd5 4. Bd3 Nc6 5. c3 Nf6 6. Bf4 Bg4 7. Qb3 Qc8 8. Nd2 Bh5 9. Ngf3 Bg6 10. Bxg6 hxg6 11. O-O e6 12. Rfe1 Be7 13. h4 O-O 14. Ng5 a6 15. Ndf3 b5 16. a3 Nh7 17. Nxh7 Kxh7 18. Qc2 Kg8 19. Bg5 Qc7 20. Bxe7 Qxe7 21. Ng5 a5 22. f4 b4 23. h5 Qf6 24. hxg6 fxg6 25. Nxe6 Rf7 26. Ng5 Re7 27. Rxe7 Nxe7 28. g3 bxc3 29. bxc3 Rc8 30. Re1 Nf5 31. Qa4 Nxg3 32. Re8+ Rxe8 33. Qxe8+ Qf8 34. Qxg6 Ne2+ 35. Kh1 Qf6 36. Qe8+ Qf8 37. Qxe2 Qxf4 38. Qe8+ Qf8 39. Qxf8+ Kxf8 40. Kg2 Ke7 41. Nh3 Kd6 42. Nf4 Kc6 43. a4 Kd6 44. Nxd5 g5 45. Kf3 Kxd5 46. Kg4 Kc4 47. Kxg5 Kxc3 48. d5 Kb4 49. d6 Kxa4 50. d7 Kb3 51. d8=Q a4 52. Qb6+ Ka2 53. Qb4 a3 54. Kf4 Ka1 55. Qxa3+ Kb1 56. Qb3+ Ka1 57. Qc3+ Kb1 58. Qd2 Ka1 59. Ke3 Kb1 60. Kd4 Ka1 61. Kc5 Kb1 62. Kb4 Ka1 63. Kb3 Kb1 64. Qd7 Ka1 65. Qd8 Kb1 66. Qd7 Ka1 67. Qd4+ Kb1 68. Qb2# 1-0


[Site "https://www.chess.com"]

[Event "Titled Tuesday Blitz January 03 Early 2023"]
[White "Volkov, Maksim"]
[Black "Sethuraman, S.P."]
[WhiteFideId "54123070"]
[BlackFideId "5021596"]
[WhiteElo "2258"]
[BlackElo "2626"]
[Result "1-0"]
[Round "07"]
[TimeControl "180+2"]
[Date "2023.01.03"]
[WhiteClock "0:00:55"]
[BlackClock "0:00:47"]

1. d4 f5 2. c4 Nf6 3. Nf3 g6 4. e3 Bg7 5. b4 O-O 6. Bb2 b6 7. Be2 Bb7 8. O-O e6 9. Qb3 Qe7 10. Nc3 d6 11. Rfd1 h6 12. Rac1 Nbd7 13. c5 dxc5 14. bxc5 Rab8 15. c6 Bxc6 16. Ba3 Qe8 17. Bxf8 Bxf8 18. Nb5 Bd5 19. Qa4 c6 20. Nc7 Qd8 21. Nxd5 cxd5 22. Qxa7 Ra8 23. Qb7 Rxa2 24. Rc8 Qe7 25. Bb5 Rb2 26. Bc6 Qd6 27. Ne5 Nxe5 28. dxe5 Qb4 29. exf6 Rb1 30. Qg7# 1-0


[Site "https://www.chess.com"]

[Event "Titled Tuesday Blitz January 03 Early 2023"]
[White "Ohanyan, Emin"]
[Black "Suleymanli, Suleyman"]
[WhiteFideId "13312022"]
[BlackFideId "13416375"]
[WhiteElo "2444"]
[BlackElo "2269"]
[Result "1-0"]
[Round "07"]
[TimeControl "180+2"]
[Date "2023.01.03"]
[WhiteClock "0:00:08"]
[BlackClock "0:00:06"]

1. e4 e6 2. d4 d5 3. Bd3 dxe4 4. Bxe4 Nf6 5. Bf3 c6 6. Ne2 Bd6 7. O-O O-O 8. c4 Nbd7 9. Nbc3 e5 10. g3 exd4 11. Qxd4 Ne5 12. Bg2 Bg4 13. Bf4 Re8 14. Rad1 Bc7 15. Qxd8 Raxd8 16. Rxd8 Bxd8 17. Bxe5 Rxe5 18. Nf4 Bb6 19. Nd3 Re8 20. h3 Bf5 21. Rd1 Bxd3 22. Rxd3 g6 23. Kf1 Kg7 24. b4 Bc7 25. b5 Re6 26. bxc6 bxc6 27. Na4 Ba5 28. Bf3 Ne4 29. Kg2 Nd2 30. Nc5 Rf6 31. Nb3 Nxc4 32. Rd4 Ne5 33. Nxa5 Nxf3 34. Rd7 c5 35. Rxa7 Ne1+ 36. Kg1 Nd3 37. f4 Re6 38. Nc4 h5 39. h4 Kf6 40. Rd7 Re1+ 41. Kg2 Nb4 42. a3 Nc2 43. Ne5 Kf5 44. Rxf7+ Ke4 45. Kf2 Ra1 46. Nxg6 Nxa3 47. Re7+ Kf5 48. Nf8 c4 49. Re5+ Kf6 50. Nd7+ Kf7 51. Rxh5 c3 52. Rc5 c2 53. Ne5+ Kf6 54. Nd3 Rd1 55. Ke2 Rh1 56. h5 Rh2+ 57. Ke3 Nb1 58. g4 Nd2 59. g5+ Ke7 60. h6 Nb3 61. Rc3 Rh3+ 62. Ke2 c1=Q 63. Rxc1 Nxc1+ 64. Nxc1 Kf7 65. Nd3 Kg6 66. Nf2 Rh4 67. Kf3 Kf5 68. Kg3 Rh5 69. Ng4 Rh1 70. Ne3+ Kg6 71. Kf3 Ra1 72. Kg4 Ra4 73. Nf5 Ra1 74. Nh4+ Kh7 75. Kh5 Ra5 76. f5 Ra6 77. g6+ Kh8 78. Kg5 Ra1 79. Nf3 Rf1 80. Ne5 Rg1+ 81. Ng4 Rf1 82. f6 Rg1 83. Kf5 Rf1+ 84. Ke6 Rg1 85. Ne5 Ra1 86. g7+ Kh7 87. f7 Ra6+ 88. Kf5 Rf6+ 89. Ke4 Rf4+ 90. Kxf4 Kxh6 91. g8=Q 1-0


[Site "https://www.chess.com"]

[Event "Titled Tuesday Blitz January 03 Early 2023"]
[White "Gunina, Valentina"]
[Black "Martynov, Pavel"]
[WhiteFideId "4167570"]
[BlackFideId "4101260"]
[WhiteElo "2469"]
[BlackElo "2414"]
[Result "1-0"]
[Round "07"]
[TimeControl "180+2"]
[Date "2023.01.03"]
[WhiteClock "0:00:22"]
[BlackClock "0:00:06"]

1. d4 d5 2. c4 e6 3. Nf3 c5 4. cxd5 exd5 5. Nc3 Nc6 6. dxc5 d4 7. Ne4 Bf5 8. Nd6+ Bxd6 9. cxd6 Qxd6 10. a3 Nf6 11. g3 O-O 12. Bg2 Rad8 13. O-O Rfe8 14. Bf4 Qd7 15. Bg5 Qe6 16. Re1 h6 17. Bf4 Bg4 18. Qa4 g5 19. Bd2 Qf5 20. b4 a6 21. Rac1 Ne4 22. Qd1 d3 23. h3 dxe2 24. Qxe2 Bxf3 25. Bxf3 Nxd2 26. Qxe8+ Rxe8 27. Rxe8+ Kg7 28. Bg4 Qf6 29. Re3 Nd4 30. Rd1 N2f3+ 31. Kg2 b5 32. Bxf3 Nxf3 33. Rxf3 Qb2 34. Rd7 Qa2 35. Rdxf7+ Kg6 36. R3f6+ Kh5 37. g4+ Kh4 38. Rxh6# 1-0


[Site "https://www.chess.com"]

[Event "Titled Tuesday Blitz January 03 Early 2023"]
[White "Donchenko, Alexander"]
[Black "Khumalo, Keith"]
[WhiteFideId "24603295"]
[BlackFideId "14319470"]
[WhiteElo "2669"]
[BlackElo "2099"]
[Result "1-0"]
[Round "07"]
[TimeControl "180+2"]
[Date "2023.01.03"]
[WhiteClock "0:01:05"]
[BlackClock "0:00:41"]

1. Nf3 c5 2. c4 g6 3. d4 cxd4 4. Nxd4 Nc6 5. e4 Nf6 6. Nc3 Nxd4 7. Qxd4 d6 8. Bg5 Bg7 9. Be2 O-O 10. Qd2 a5 11. O-O a4 12. Rac1 Qa5 13. Rfd1 Be6 14. Bxf6 Bxf6 15. Nd5 Bxd5 16. cxd5 Qxd2 17. Rxd2 Rfc8 18. Rdc2 Rxc2 19. Rxc2 a3 20. b3 b6 21. Rc4 g5 22. Kf1 Ra5 23. b4 Ra4 24. Bd1 Ra7 25. Ke2 Be5 26. g3 g4 27. Kf1 h5 28. Kg2 Kg7 29. h3 gxh3+ 30. Kxh3 Kg6 31. f4 Bb2 32. Bc2 Kh6 33. Rc8 Rb7 34. Kg2 Kg7 35. Kf3 e6 36. dxe6 fxe6 37. Rc6 d5 38. Rxe6 dxe4+ 39. Bxe4 Rc7 40. Rg6+ Kf7 41. Rxb6 Rc3+ 42. Kg2 h4 43. gxh4 Bc1 44. f5 Bf4 45. b5 Rg3+ 46. Kf2 Rh3 47. Bd5+ Ke8 48. f6 Rxh4 49. f7+ Kf8 50. Rg6 Bh6 51. b6 Bg7 52. b7 Rb4 53. Ra6 Ke7 54. Ra8 1-0


[Site "https://www.chess.com"]

[Event "Titled Tuesday Blitz January 03 Early 2023"]
[White "Nigmatov, Ortik"]
[Black "Atakhan, Abtin"]
[WhiteFideId "14202131"]
[BlackFideId "22502203"]
[WhiteElo "2438"]
[BlackElo "2422"]
[Result "0-1"]
[Round "07"]
[TimeControl "180+2"]
[Date "2023.01.03"]
[WhiteClock "0:00:49"]
[BlackClock "0:00:09"]

1. c4 Nf6 2. Nc3 Nc6 3. Nf3 e5 4. e4 Bb4 5. d3 d6 6. Bd2 Nd7 7. g3 Nf8 8. Bg2 Ne6 9. a3 Bc5 10. b4 Bb6 11. Nd5 Ncd4 12. Nh4 c6 13. Nxb6 axb6 14. O-O O-O 15. a4 Bd7 16. Kh1 Qc7 17. f4 f6 18. Be3 Ra7 19. Ra2 Rfa8 20. Bh3 Nd8 21. Nf5 Bxf5 22. exf5 Nf7 23. Bxd4 exd4 24. Re1 d5 25. Rae2 Qd7 26. c5 bxc5 27. bxc5 Kf8 28. Re6 Rxa4 29. Qh5 Nh6 30. g4 Ra1 31. g5 Rxe1+ 32. Rxe1 Ng8 33. Qxh7 Re8 34. Rg1 Re3 35. gxf6 Nxf6 36. Qh8+ Ng8 37. f6 Rxh3 38. Rxg7 Rxh8 39. Rxd7 Nxf6 40. Rxb7 Rh3 41. Rc7 Rxd3 42. Rxc6 Ne4 43. Rc8+ Ke7 44. c6 Rc3 45. c7 d3 46. Ra8 Rxc7 47. Kg2 d2 0-1


[Site "https://www.chess.com"]

[Event "Titled Tuesday Blitz January 03 Early 2023"]
[White "Kopylov, Alexander A."]
[Black "Goroshkov, Maksym"]
[WhiteFideId "4164857"]
[BlackFideId "14142716"]
[WhiteElo "2397"]
[BlackElo "2287"]
[Result "1-0"]
[Round "07"]
[TimeControl "180+2"]
[Date "2023.01.03"]
[WhiteClock "0:01:10"]
[BlackClock "0:00:19"]

1. e4 e5 2. Nf3 d6 3. Nc3 Nf6 4. g3 Be7 5. Bg2 O-O 6. O-O c5 7. d3 Nc6 8. Bg5 Bg4 9. h3 Bh5 10. Qd2 Bxf3 11. Bxf3 h6 12. Bxf6 Bxf6 13. Bg2 g5 14. Nd5 Bg7 15. Ne3 Ne7 16. Qe2 Qd7 17. Qh5 Qe6 18. h4 Qg6 19. Qxg6 fxg6 20. hxg5 hxg5 21. Bh3 Nc6 22. Be6+ Kh7 23. c3 Rae8 24. Bd5 Ne7 25. Bc4 Ng8 26. Kg2 Bf6 27. Rh1+ Kg7 28. Bxg8 Rxg8 29. Ng4 Rh8 30. Rhb1 b6 31. a4 Rb8 32. Ne3 Rh5 33. b4 Rbh8 34. Ng4 Rb8 35. bxc5 dxc5 36. a5 b5 37. a6 Bd8 38. Nxe5 Bf6 39. Nc6 Rc8 40. Nxa7 Ra8 41. Nxb5 Rhh8 42. a7 Rhd8 43. Nc7 Bxc3 44. Nxa8 Rxa8 45. Rb8 1-0


[Site "https://www.chess.com"]

[Event "Titled Tuesday Blitz January 03 Early 2023"]
[White "Atanasov, Anthony"]
[Black "Kilic, Eray"]
[WhiteFideId "2623897"]
[BlackFideId "44517173"]
[WhiteElo "2368"]
[BlackElo "2414"]
[Result "1-0"]
[Round "07"]
[TimeControl "180+2"]
[Date "2023.01.03"]
[WhiteClock "0:00:03"]
[BlackClock "0:00:05"]

1. e4 c5 2. Nf3 d6 3. d4 cxd4 4. Nxd4 Nf6 5. Nc3 a6 6. Nb3 e5 7. Bg5 Be7 8. Qd3 Nbd7 9. O-O-O h6 10. Bh4 O-O 11. f3 Qc7 12. Bf2 b5 13. g4 Bb7 14. h4 Nc5 15. Qd2 Nxb3+ 16. axb3 d5 17. exd5 Rfd8 18. Bd3 Nxd5 19. Nxd5 Bxd5 20. Kb1 Bxf3 21. Qe3 Bxd1 22. Rxd1 Qc6 23. Ka2 Rac8 24. Qxe5 Bf6 25. Qf5 g6 26. Qf4 Qd6 27. Qxh6 Bg7 28. Qg5 Qf6 29. Qxf6 Bxf6 30. h5 Kg7 31. Rf1 Be5 32. Be3 Re8 33. h6+ Kg8 34. g5 Rc7 35. Bd2 Kh7 36. Rf3 Rd7 37. Bb4 Rc8 38. Bd2 Bd6 39. Bc1 Rf8 40. Bd2 Be7 41. Rf2 f6 42. gxf6 Rxf6 43. Rg2 Rfd6 44. Be3 Bf8 45. Bf4 Rf6 46. Be5 Re6 47. Bf4 Rf7 48. Bg5 Re5 49. Bd2 Re6 50. c4 bxc4 51. Bxc4 Rfe7 52. Bxe6 Rxe6 53. Rf2 Re8 54. Rf7+ Kg8 55. h7+ Kxf7 56. h8=Q Bg7 57. Qh3 Bf6 58. Qd7+ Re7 59. Qd5+ Kg7 60. Bc3 Rf7 61. Bd4 Kg8 62. Bxf6 1-0


[Site "https://www.chess.com"]

[Event "Titled Tuesday Blitz January 03 Early 2023"]
[White "Aldokhin, Ivan"]
[Black "Putnam, Liam"]
[WhiteFideId "24115720"]
[BlackFideId "30938279"]
[WhiteElo "2413"]
[BlackElo "2285"]
[Result "0-1"]
[Round "07"]
[TimeControl "180+2"]
[Date "2023.01.03"]
[WhiteClock "0:00:02"]
[BlackClock "0:01:29"]

1. e4 c5 2. Nf3 d6 3. d4 cxd4 4. Nxd4 Nf6 5. Nc3 a6 6. Bc4 e6 7. Bb3 Nbd7 8. O-O Nc5 9. Re1 Be7 10. Qf3 O-O 11. Bg5 b5 12. Nc6 Qc7 13. Nxe7+ Qxe7 14. e5 dxe5 15. Qxa8 Bb7 16. Qa7 Qc7 17. Be3 Nfd7 18. a4 Ra8 19. Qxa8+ Bxa8 20. axb5 Qb7 21. f3 axb5 22. Nxb5 Nxb3 23. cxb3 h5 24. Nd6 Qc6 25. Red1 Nf6 26. Rac1 Qa6 27. Kf2 Kh7 28. Nxf7 Qb7 29. Ng5+ Kg6 30. Nxe6 Qxb3 31. Nc5 Qxb2+ 32. Kg1 Ng4 33. Nd3 Qe2 34. Bf2 Nf6 35. Rb1 Kh7 36. Rbc1 e4 37. Nf4 Qb5 38. fxe4 Bxe4 39. Re1 Qf5 40. Nh3 Qg4 41. g3 Qxh3 42. Rxe4 Nxe4 43. Re1 Ng5 44. Re3 h4 45. gxh4 Nf3+ 0-1


[Site "https://www.chess.com"]

[Event "Titled Tuesday Blitz January 03 Early 2023"]
[White "Leenhouts, Koen"]
[Black "Shipov, Sergei"]
[WhiteFideId "1008439"]
[BlackFideId "4113624"]
[WhiteElo "2447"]
[BlackElo "2541"]
[Result "0-1"]
[Round "07"]
[TimeControl "180+2"]
[Date "2023.01.03"]
[WhiteClock "0:00:13"]
[BlackClock "0:00:19"]

1. d4 d5 2. c4 dxc4 3. e3 e6 4. Bxc4 c5 5. Nf3 Nf6 6. O-O Nc6 7. a3 a6 8. Ba2 b6 9. Nc3 Bb7 10. dxc5 Qxd1 11. Rxd1 Bxc5 12. b4 Be7 13. Bb2 O-O 14. Na4 b5 15. Nc5 Bxc5 16. bxc5 Ne4 17. Rac1 Rfd8 18. Nd4 Nxd4 19. Bxd4 Rac8 20. f3 Nf6 21. Bxf6 gxf6 22. Rd4 Kf8 23. Kf2 Ke7 24. Bb1 h6 25. Ke2 Bd5 26. Bd3 e5 27. Rh4 Rh8 28. a4 Bc6 29. axb5 axb5 30. Rb4 Rc7 31. Ra1 Rb8 32. Rc1 Bd7 33. h4 Rbc8 34. Ra1 Rxc5 35. Ra7 R8c7 36. g4 Rxa7 0-1


[Site "https://www.chess.com"]

[Event "Titled Tuesday Blitz January 03 Early 2023"]
[White "Zemlyanskii, Ivan"]
[Black "Florescu, Codrut-Constantin"]
[WhiteFideId "24249971"]
[BlackFideId "1202200"]
[WhiteElo "2300"]
[BlackElo "2259"]
[Result "1-0"]
[Round "07"]
[TimeControl "180+2"]
[Date "2023.01.03"]
[WhiteClock "0:00:20"]
[BlackClock "0:00:36"]

1. d4 Nf6 2. c4 e6 3. Nf3 b6 4. e3 Bb7 5. Bd3 d5 6. b3 Bd6 7. Bb2 O-O 8. Nbd2 Nbd7 9. O-O Ne4 10. Qc2 f5 11. cxd5 exd5 12. Ne5 Qe7 13. Ndf3 Rf6 14. Nxd7 Qxd7 15. Ne5 Qe7 16. f4 Rh6 17. Rac1 Qh4 18. h3 Qg3 19. Rf3 Qh4 20. Qe2 a6 21. Bc3 Qe7 22. Be1 Kh8 23. b4 b5 24. a4 bxa4 25. Qa2 Rg8 26. Qxa4 g5 27. Qd7 Qxd7 28. Nxd7 g4 29. hxg4 fxg4 30. Rf1 Kg7 31. Ne5 Kf6 32. Bxe4 dxe4 33. Bg3 Kf5 34. Nc4 Bd5 35. Nxd6+ cxd6 36. Ra1 Ra8 37. Ra5 Ke6 38. f5+ Kd7 39. Rxd5 Kc6 40. Ra5 Rf6 41. Bh4 Rf7 42. f6 Rb7 43. f7 Rf8 44. Raf5 Rxb4 45. Be7 1-0


[Site "https://www.chess.com"]